 Dungeon Crawl Stone Soup version 0.20.1-1-g8b1a95d (webtiles) character file.

1636 gungr the Martial Artist (level 8, -29/50 HPs)
             Began as an Octopode Transmuter on Oct 23, 2017.
             Was an Initiate of Okawaru.
             Annihilated by an orc warrior
             ... wielding a +0 short sword
              (30 damage)
             ... on level 7 of the Dungeon.
             The game lasted 00:24:52 (8930 turns).

gungr the Martial Artist (Octopode Transmuter)      Turns: 8930, Time: 00:24:53

Health: -29/50     AC:  1    Str:  9    XL:     8   Next: 98%
Magic:  0/12       EV: 13    Int: 17    God:    Okawaru [......]
Gold:   217        SH:  3    Dex: 13    Spells: 8/12 levels left

rFire    + . .     SeeInvis .     - Unarmed
rCold    x . .     Gourm    .   f - +0 buckler
rNeg     . . .     Faith    .   (helmet restricted)
rPois    .         Spirit   +   d - amulet of guardian spirit
rElec    .         Reflect  .   l - ring of fire
rCorr    .         Harm     .   (no ring)
MR       .....                  (no ring)
Stlth    +++.......             (no ring)
Regen    0.2/turn               (no ring)
MPRegen  0.2/turn               (no ring)
                                (no ring)
                                (no ring)

@: appendage, hasted, very quick
A: almost no armour, stealthy swim, amphibious, 8 rings, constrict 8, tentacle
spike 3, camouflage 1, gelatinous body 1
a: End Transformation, Renounce Religion


You were on level 7 of the Dungeon.
You worshipped Okawaru.
Okawaru was noncommittal.
You were not hungry.
One of your tentacles had a temporary spike.
You visited 2 branches of the dungeon, and saw 8 of its levels.

You collected 217 gold pieces.

Inventory:

Missiles
 a - 67 arrows
Armour
 f - a +0 buckler (worn)
Jewellery
 d - an amulet of guardian spirit (around mantle)
 l - a ring of fire (left tentacle)
Wands
 x - a wand of polymorph (14/24)
Scrolls
 c - a scroll of recharging {unknown}
 g - 7 scrolls of remove curse {unknown}
 h - 2 scrolls of blinking {unknown}
 i - 4 scrolls of identify {unknown}
 j - a scroll of enchant armour {unknown}
 o - a scroll of teleportation {unknown}
 t - 4 scrolls of amnesia {unknown}
 v - a scroll of enchant weapon {unknown}
Potions
 e - 2 potions of magic {unknown}
 k - a potion of brilliance
 p - a potion of flight {unknown}
 q - a potion of ambrosia {unknown}
 r - 2 potions of lignification
 s - a potion of invisibility {unknown}
 w - a potion of mutation {unknown}
Books
 b - a book of Changes

   Spells                             Type                      Level
   a - Beastly Appendage              Transmutation                1
   b - Sticks to Snakes               Transmutation                2
   c - Spider Form                    Transmutation/Poison         3
   d - Ice Form                       Ice/Transmutation            4
   e - Blade Hands                    Transmutation                5
Comestibles
 m - 2 bread rations
 n - 2 meat rations


   Skills:
 + Level 2.0 Fighting
 - Level 2.0 Dodging
 - Level 2.4 Stealth
 + Level 0.8 Shields
 * Level 10.5 Unarmed Combat
 + Level 2.7 Spellcasting
 + Level 2.4 Transmutations
 - Level 1.2 Poison Magic


You had 8 spell levels left.
You knew the following spells:

 Your Spells              Type           Power        Failure   Level  Hunger
a - Beastly Appendage     Tmut           ##....       10%         1    #......
b - Spider Form           Tmut/Pois      #.........   36%         3    ###....


Dungeon Overview and Level Annotations

Branches:
Dungeon (7/15)             Temple (1/1) D:7

Altars:
Ashenzari
Cheibriados
Elyvilon
Fedhas
Hepliaklqana
Kikubaaqudgha
Makhleb
Nemelex Xobeh
Okawaru
Ru
Sif Muna
Trog
Uskayaw
Vehumet
Xom
Zin
The Shining One

Annotations:
D:4 Ymberto's ghost, amateur HOFi
D:6 Grinder


Innate Abilities, Weirdness & Mutations

You cannot wear most types of armour.
You are very stealthy in the water. (Stealth+)
You are amphibious.
You can wear up to eight rings at the same time.
You can use your tentacles to constrict eight enemies at once.
Your skin changes colour to match your surroundings (Stealth+).
Your rubbery body absorbs attacks. (AC +1, EV +1)
One of your tentacles bears a large vicious spike.


Message History

You tentacle-slap the orc warrior but do no damage.
You squeeze the orc warrior, but do no damage.
The orc warrior is heavily wounded.
You constrict the orc warrior. You constrict something.
Okawaru accepts your kill.
Reactivating autopickup.
You feel a bit more experienced.
The orc warrior hits you with a short sword.
You tentacle-slap the orc warrior but do no damage.
You squeeze the orc warrior.
The orc warrior is heavily wounded.
You constrict the orc warrior, but do no damage.
The orc warrior hits you with a short sword!!
Ouch! That really hurt!
* * * LOW HITPOINT WARNING * * *
You release your grip on the orc warrior.
You feel yourself speed up.
The orc warrior hits you with a short sword!!
Ouch! That really hurt!
You die...

#.#.#................
#.#.######..##.####..
#.#.# ##..#.##....
#.#)# ##.#.#..###
#.#.# .....# #...##
..#.# ###..# ...
#..## .. ##@.# #o.#
#..# #.)......#
##....#### #..((#
#....# #..<.# #....#


You could see an orc warrior.

Vanquished Creatures
  3 orc warriors (D:6)
  4 ogres
  2 bullfrogs
  A scorpion (D:6)
  A bullfrog zombie (D:5)
  2 crimson imps (D:5)
  A jelly (D:5)
  2 orc wizards
  3 orc priests
  3 hounds
  Natasha (thrice) (D:3)
  2 iguanas (D:5)
  5 worker ants
  A worker ant zombie (D:6)
  A howler monkey skeleton (D:5)
  9 adders
  2 oozes (D:3)
  6 worms
  4 dart slugs
  7 leopard geckos
  18 orcs
  7 bats
  5 giant cockroaches
  6 goblins
  8 hobgoblins
  6 kobolds
  3 quokkas
  A ball python (D:6)
  8 frilled lizards
  A leopard gecko skeleton (D:5)
  5 rats
130 creatures vanquished.

Notes
Turn   | Place    | Note
-------+----------+-------------------------------------------
     0 | D:1      | gungr the Octopode Transmuter began the quest for the Orb.
     0 | D:1      | Reached XP level 1. HP: 13/13 MP: 3/3
   285 | D:1      | Reached XP level 2. HP: 18/18 MP: 5/5
   673 | D:1      | Reached skill level 4 in Unarmed Combat
   695 | D:1      | Reached XP level 3. HP: 23/23 MP: 6/6
  1335 | D:2      | Reached skill level 1 in Stealth
  1552 | D:2      | Reached XP level 4. HP: 28/28 MP: 7/7
  2248 | D:3      | Reached skill level 5 in Unarmed Combat
  2248 | D:3      | Reached XP level 5. HP: 24/33 MP: 6/8
  2270 | D:3      | Noticed Natasha
  2419 | D:3      | Killed Natasha
  2544 | D:3      | Noticed Natasha
  2625 | D:3      | Killed Natasha
  2720 | D:3      | Noticed Natasha
  2724 | D:3      | Killed Natasha
  2724 | D:3      | Reached skill level 6 in Unarmed Combat
  2724 | D:3      | Reached XP level 6. HP: 35/38 MP: 9/9
  2729 | D:3      | Learned a level 3 spell: Spider Form
  3251 | D:4      | Noticed Ymberto's ghost (amateur HOFi)
  4647 | D:5      | Entered Level 5 of the Dungeon
  4753 | D:5      | Reached skill level 7 in Unarmed Combat
  4928 | D:5      | Reached XP level 7. HP: 36/43 MP: 1/10
  5343 | D:5      | Noticed a moth of wrath
  5346 | D:5      | Found a bloodstained altar of Trog.
  5893 | D:5      | Reached skill level 8 in Unarmed Combat
  6544 | D:5      | Reached XP level 8. HP: 26/49 MP: 5/11
  6858 | D:6      | Reached skill level 9 in Unarmed Combat
  7487 | D:6      | Noticed Grinder
  7981 | D:6      | Reached skill level 1 in Poison Magic
  8019 | D:6      | Reached skill level 10 in Unarmed Combat
  8324 | D:6      | Found a shattered altar of Ashenzari.
  8431 | D:7      | Found a staircase to the Ecumenical Temple.
  8444 | Temple   | Entered the Ecumenical Temple
  8562 | Temple   | Became a worshipper of Warmaster Okawaru
  8927 | D:7      | HP: 1/50 [orc warrior/short sword (25)]
  8930 | D:7      | Annihilated by an orc warrior

Skill      XL: |  1  2  3  4  5  6  7  8 |
---------------+-------------------------+-----
Unarmed Combat | 4 5 6 7 8 10 | 10.5
Stealth        | 1 2 |  2.4
Poison Magic   | 1 |  1.2
Fighting       | 2 |  2.0
Dodging        | |  2.0
Shields        | |  0.8
Spellcasting   | |  2.7
Transmutations | |  2.4

Action                   |  1- 3 |  4- 6 |  7- 9 || total
-------------------------+-------+-------+-------++-------
Melee: Unarmed           |    79 |   157 |   176 ||   412
       Constrict         |    20 |    31 |    34 ||    85
       Tentacles         |    11 |    26 |    22 ||    59
       Kick              |     1 |    13 |     9 ||    23
       Punch             |     5 |     8 |    14 ||    27
 Cast: Beastly Appendage |     1 |     6 |     4 ||    11
       Spider Form       |       |     1 |     4 ||     5
  Use: Potion            |       |    10 |     2 ||    12
 Stab: Sleeping          |     6 |     7 |     3 ||    16
       Distracted        |       |       |     1 ||     1
  Eat: Chunk             |     2 |     1 |     1 ||     4
       Bread ration      |       |     1 |     3 ||     4
       Meat ration       |       |     1 |       ||     1
       Fruit             |       |       |     4 ||     4
Armor: Skin              |     9 |     4 |     4 ||    17
Dodge: Dodged            |    45 |    85 |    93 ||   223
Block: Buckler           |       |       |     6 ||     6
